 Dungeon Crawl Stone Soup version 0.22-a0-460-g49b1da7e92 (webtiles) character file.

115 Oravi the Gusty (level 5, -1/28 HPs)
             Began as a Tengu Air Elementalist on June 9, 2018.
             Killed from afar by an orc wizard (10 damage)
             ... with a magic dart
             ... on level 3 of the Dungeon.
             The game lasted 00:08:31 (2822 turns).

Oravi the Gusty (Tengu Air Elementalist)            Turns: 2822, Time: 00:08:31

Health: -1/28      AC:  2    Str:  8    XL:     5   Next: 0%
Magic:  0/10       EV: 13    Int: 16    God:
Gold:   91         SH:  0    Dex: 15    Spells: 4/10 levels left

rFire    . . .     SeeInvis .   j - +0 hand axe
rCold    . . .     Gourm    .   (no shield)
rNeg     . . .     Faith    .   a - +0 robe
rPois    .         Spirit   .   (helmet restricted)
rElec    .         Reflect  .   (no cloak)
rCorr    .         Harm     .   (no gloves)
MR       .....                  (boots unavailable)
Stlth    ++........             (no amulet)
HPRegen  0.09/turn              (no ring)
MPRegen  0.12/turn              (no ring)

@: no status effects
A: beak, talons 3, able to fly 1
a: Fly


You were on level 3 of the Dungeon.
You were not hungry.

You visited 1 branch of the dungeon, and saw 4 of its levels.

You collected 91 gold pieces.

Inventory:

Hand Weapons
 d - a +0 dagger
 j - a +0 hand axe (weapon)
Missiles
 b - 127 stones (quivered)
 g - a throwing net
Armour
 a - a +0 robe (worn)
Jewellery
 n - an uncursed ring of protection from cold {unknown}
Scrolls
 i - 2 scrolls of fog {unknown}
 l - a scroll of remove curse {unknown}
 m - a scroll of identify {unknown}
 o - a scroll of teleportation {unknown}
Potions
 e - a potion of might {unknown}
 h - 2 potions of haste {unknown}
 k - a potion of degeneration {unknown}
 p - 2 potions of agility {unknown}
Comestibles
 c - 3 rations
 f - 3 chunks of flesh


   Skills:
 - Level 2.1 Dodging
 - Level 2.0 Stealth
 + Level 3.0 Spellcasting
 + Level 3.6 Conjurations
 + Level 5.3 Air Magic


You had 4 spell levels left.
You knew the following spells:

 Your Spells              Type           Power        Failure   Level  Hunger
a - Shock                 Conj/Air       ###.         3%          1    #......
b - Swiftness             Chrm/Air       ##......     10%         2    ##.....
c - Static Discharge      Conj/Air       ###.....     9%          3    ###....

Your spell library contained the following spells:

 Spells                   Type           Power        Failure   Level  Hunger
 Lightning Bolt           Conj/Air       ###.......   63%         5    ######.
 Airstrike                Air            ###.......   22%         4    #####..


Dungeon Overview and Level Annotations

Branches:
Dungeon (4/15)
 Temple: D:4-7

Altars:
Okawaru
Xom
Yredelemnul

Annotations:
D:3 Grinder; MirrMurr's ghost, amateur SpBe


Innate Abilities, Weirdness & Mutations

You have a beak for a mouth.
You have claws for feet.
You can fly.


Message History

The lightning arcs!
You are struck by lightning.
The lightning grounds out.
The orc barely misses you. The orc wizard completely misses you.
Casting: Static Discharge (safe; 9% risk of failure)
Confirm with . or Enter, or press ? or * to list all spells.
The orc is struck by lightning.
You kill the orc!
You have reached level 5!
You have gained the ability to fly.
The lightning arcs!
You are struck by lightning.
The lightning grounds out.
The orc wizard barely misses you.
Casting: Static Discharge (safe; 9% risk of failure)
Confirm with . or Enter, or press ? or * to list all spells.
You don't have enough magic to cast that spell.
You are too injured to fight recklessly!
You are too injured to fight recklessly!
You closely miss the orc wizard.
The orc wizard is heavily wounded.
The orc wizard points at you and mumbles some strange words.
The magic dart hits you!
You die...

#.# #.# #.# ### ###
#.# ..##.. . ..
##.#.# .
....#####....# #.
#.#.##...#.#.#.###..
#.#.##....@o........
#.#.##(..#†#.#.#####
#.#.###.###...##
#.#.# #.# ##÷##
#.#.###.# #.#####..
#.....÷.####........
#>...........######.
#<..######.#.# #..##
#.###..


You could see an orc wizard.

Vanquished Creatures
  7 adders
  2 worms
  A dart slug (D:1)
  2 leopard geckos
  2 orcs (D:3)
  5 bats
  2 giant cockroaches
  6 goblins
  3 hobgoblins
  2 jackals (D:2)
  A quokka (D:2)
  2 frilled lizards (D:1)
  5 kobolds
  3 rats
43 creatures vanquished.

Notes
Turn   | Place    | Note
-------+----------+-------------------------------------------
     0 | D:1      | Oravi the Tengu Air Elementalist began the quest for the Orb.
     0 | D:1      | Reached XP level 1. HP: 10/10 MP: 4/4
   135 | D:1      | Reached XP level 2. HP: 15/15 MP: 1/6
   332 | D:1      | Found an iron altar of Okawaru.
   983 | D:2      | Reached XP level 3. HP: 19/19 MP: 3/7
  1423 | D:2      | Learned a level 2 spell: Swiftness
  1427 | D:2      | Learned a level 3 spell: Static Discharge
  1477 | D:2      | Reached XP level 4. HP: 24/24 MP: 3/9
  1788 | D:2      | Found a basalt altar of Yredelemnul.
  1790 | D:2      | Found a shimmering altar of Xom.
  1999 | D:3      | Reached skill level 5 in Air Magic
  2271 | D:3      | Noticed Grinder
  2593 | D:3      | Noticed MirrMurr's ghost (amateur SpBe)
  2821 | D:3      | Gained mutation: You can fly. [Tengu growth]
  2821 | D:3      | Reached XP level 5. HP: 11/28 MP: 0/10
  2822 | D:3      | Killed from afar by an orc wizard

Vault maps used:
D:1:      dpeg_arrival_radiant, moated_statue, okawaru_ov_weapons_minmay
D:2:      grunt_temple_overflow_open, first_ration
D:3:      lemuel_crystal_altar, minmay_door_square, uniq_terence, uniq_grinder
D:4:      uniq_duvessa, uniq_robin, uniq_pikel

Skill      XL: |  1  2  3  4 |
---------------+-------------+-----
Conjurations   | 2 3 |  3.6
Air Magic      | 5 |  5.3
Spellcasting   | 3 |  3.0
Dodging        | |  2.1
Stealth        | |  2.0

Action                   |  1- 3 |  4- 6 || total
-------------------------+-------+-------++-------
Melee: Hand axe          |    10 |    15 ||    25
       Peck              |       |     3 ||     3
       Kick              |       |     2 ||     2
Throw: Stone             |     2 |     6 ||     8
 Cast: Shock             |    59 |    47 ||   106
       Static Discharge  |       |     4 ||     4
       Swiftness         |       |     1 ||     1
 Stab: Sleeping          |     1 |       ||     1
  Eat: Chunk             |     2 |     5 ||     7
Armor: Robe              |     2 |     5 ||     7
Dodge: Dodged            |    12 |    20 ||    32

Table legend:
 A = Spawn XP
 B = Non-spawn XP
 C = Spawn XP percentage of total XP
 D = Spawn monster count
 E = Non-spawn monster count
 F = Spawn count percentage of total count
 G = Total turns spent on level
                    A         B        C        D         E        F      G
               +---------+---------+-------+---------+---------+-------+---------
         Total |       0 |     165 |   0.0 |       0 |      43 |   0.0 |  2822
               +---------+---------+-------+---------+---------+-------+---------
           D:1 |       0 |      26 |   0.0 |       0 |      14 |   0.0 |   690
           D:2 |       0 |      64 |   0.0 |       0 |      15 |   0.0 |  1353
           D:3 |       0 |      62 |   0.0 |       0 |      13 |   0.0 |   767
           D:4 |       0 |      13 |   0.0 |       0 |       1 |   0.0 |    12
               +---------+---------+-------+---------+---------+-------+---------
